 Dungeon Crawl Stone Soup version 0.27.1-37-g7b29ead8ac (webtiles) character file.

Game seed: 7616070693356768836

67 AarnesTheHuman the Changer (level 4, -2/32 HPs)
             Began as a Merfolk Transmuter on Aug 24, 2023.
             Slain by a jelly (3 damage)
             ... on level 4 of the Dungeon.
             The game lasted 00:04:14 (3887 turns).

AarnesTheHuman the Changer (Merfolk Transmuter)     Turns: 3887, Time: 00:04:14

Health: -2/32      AC: -1    Str: 10    XL:     4   Next: 16%
Magic:  4/7        EV: 13    Int: 13    God:
Gold:   199        SH:  0    Dex: 14    Spells: 3/7 levels left

rFire    . . .     SeeInvis .   a - +0 dagger
rCold    . . .     Faith    .   (no shield)
rNeg     . . .     Spirit   .   s - +0 robe
rPois    .         Reflect  .   (helmet currently unavailable)
rElec    .         Harm     .   (no cloak)
rCorr    .         Rampage  .   m - +0 pair of gloves
Will     .....                  (boots currently unavailable)
Stlth    +.........             (no amulet)
HPRegen  0.10/turn              (no ring)
MPRegen  0.10/turn              (no ring)

@: appendages, wereblooded, corroded
A: horns 2, (nimble swimmer 2), mertail
a: End Transformation


You were on level 4 of the Dungeon.
You had temporarily grown beastly horns.
You visited 1 branch of the dungeon, and saw 4 of its levels.

You collected 199 gold pieces.

Inventory:

Hand Weapons
 a - a +0 dagger (weapon)
 b - a +0 hunting sling
 q - a +0 short sword
Missiles
 k - 94 stones
 u - 5 poisoned darts
Armour
 m - a +0 pair of gloves (worn)
 s - a +0 robe (worn)
Jewellery
 d - a ring of fire
Scrolls
 e - a scroll of enchant weapon {unknown}
 f - 3 scrolls of teleportation {unknown}
 h - 2 scrolls of identify {unknown}
 n - a scroll of amnesia {unknown}
 p - 2 scrolls of blinking {unknown}
 r - a scroll of vulnerability {unknown}
 t - a scroll of fog {unknown}
Potions
 c - a potion of heal wounds {unknown}
 g - 2 potions of flight {unknown}
 i - a potion of might {unknown}
 j - 2 potions of degeneration {unknown}
 l - a potion of invisibility {unknown}
 o - a potion of curing {unknown}


   Skills:
 - Level 1.1 Fighting
 + Level 3.1 Dodging
 - Level 3.2 Unarmed Combat
 - Level 2.0 Spellcasting
 + Level 5.5 Transmutations


You had 3 spell levels left.
You knew the following spells:

 Your Spells              Type           Power      Damage    Failure   Level
a - Beastly Appendage     Tmut           30%        N/A       2%          1
b - Wereblood             Tmut           15%        N/A       4%          2
c - Sting                 Tmut/Pois      32%        1d4       9%          1

Your spell library contained the following spells:

 Spells                   Type           Power      Damage    Failure   Level
 Spider Form              Tmut/Pois      4%         N/A       24%         3
 Poisonous Vapours        Pois/Air       2%         N/A       36%         2
 Ice Form                 Ice/Tmut       8%         N/A       63%         4
 Olgreb's Toxic Radiance  Pois           1%         N/A       94%         4


Dungeon Overview and Level Annotations

Branches:
Dungeon (4/15)
 Temple: D:4-7

Altars:
The Shining One


Innate Abilities, Weirdness & Mutations

You have temporarily grown beastly horns.
((You are quick and stealthy near water. (Stealth+, EV+, Speed+++)))
Your lower body shifts to a powerful aquatic tail in water.


Message History

You now have 186 gold pieces (gained 10).
You now have 199 gold pieces (gained 13).
Found a scroll labelled KASUX KYNOUB.
p - 2 scrolls labelled KASUX KYNOUB (gained 1) Done exploring.
Done exploring.
Unknown command.
Done exploring.
Done exploring.
There is a stone staircase leading down here.
You climb downwards.
The jelly quivers.
Found 12 bolts and 13 gold pieces.
There is a stone staircase leading up here.
Casting: Beastly Appendage (safe; 2% risk of failure)
Confirm with . or Enter, or press ? or * to list all spells.
Your blood is infused with primal strength.
Casting: Wereblood (safe; 4% risk of failure)
Confirm with . or Enter, or press ? or * to list all spells.
You grow a pair of large bovine horns.
You completely miss the jelly. You hit the jelly.
Your hands burn!
The jelly is lightly wounded.
The jelly hits you.
You are splashed with acid.
You barely miss the jelly.
The jelly is lightly wounded.
The jelly hits you.
You are splashed with acid.
You hit the jelly.
Your hands burn!
You headbutt the jelly!
The jelly is severely wounded.
The jelly hits you. The acid corrodes you!
You are splashed with acid!
* * * LOW HITPOINT WARNING * * *
You aren't carrying any items that you can evoke.
Unknown command.
Unknown command.
Unknown command.
You hit the jelly but do no damage.
Your hands burn!
* * * LOW HITPOINT WARNING * * *
The jelly is severely wounded.
The jelly hits you.
You die...

## #. #. #
##.## .##
#####...#...##
.......@J....#
#####...#....#
##... .....
#.... ...#
#####. ..# .#
$# # .


You could see a jelly.

Vanquished Creatures
  A hound skeleton (D:2)
  An adder (D:3)
  A dart slug (D:2)
  4 ball pythons
  3 endoplasms
  2 giant cockroaches
  4 goblins
  4 hobgoblins
  3 jackals (D:3)
  5 kobolds
  2 quokkas
  2 bats
  3 frilled lizards
  4 rats
39 creatures vanquished.

Notes
Turn   | Place    | Note
-------+----------+-------------------------------------------
     0 | D:1      | AarnesTheHuman the Merfolk Transmuter began the quest for
                  | the Orb.
     0 | D:1      | Reached XP level 1. HP: 15/15 MP: 3/3
   110 | D:1      | Reached skill level 3 in Transmutations
   508 | D:1      | Reached XP level 2. HP: 14/21 MP: 5/5
   610 | D:1      | Found a faded altar of an unknown god.
  1302 | D:1      | Learned a level 2 spell: Wereblood
  1304 | D:1      | Learned a level 1 spell: Sting
  1313 | D:2      | Reached skill level 4 in Transmutations
  1751 | D:2      | Reached XP level 3. HP: 9/26 MP: 4/6
  2023 | D:2      | Reached skill level 5 in Transmutations
  2890 | D:3      | Reached XP level 4. HP: 14/32 MP: 4/7
  3539 | D:3      | Found a glowing golden altar of the Shining One.
  3887 | D:4      | HP: 1/32 [acid (3)]
  3887 | D:4      | Slain by a jelly

Illustrated notes

Levels and vault maps discovered:
D:1:      dpeg_arrival_pits, layout_basic, ebering_ecumenical_altar_hall
D:2:      layout_rooms, kennysheep_small_spiral
D:3:      layout_basic, nicolae_tso_carved_into_rock
D:4:      layout_loops_ring, grunt_temple_overflow_open,
          minmay_temple_entry_tees, serial_shops, nicolae_shop_waterfront,
          chequers_arboretum

Skill      XL: |  1  2  3  4 |
---------------+-------------+-----
Transmutations | 3 4 5 |  5.5
Dodging        | 3 |  3.1
Fighting       | |  1.1
Unarmed Combat | |  3.2
Spellcasting   | |  2.0

Action                   |  1- 3 |  4- 6 || total
-------------------------+-------+-------++-------
Melee: Short sword       |    98 |       ||    98
       Unarmed           |     6 |       ||     6
       Headbutt          |     6 |     4 ||    10
       Dagger            |    36 |    29 ||    65
 Cast: Beastly Appendage |    20 |     5 ||    25
       Wereblood         |     8 |     4 ||    12
 Stab: Sleeping          |     1 |       ||     1
Armor: Robe              |    35 |     5 ||    40
Dodge: Dodged            |    92 |    15 ||   107
